 Dungeon Crawl Stone Soup version 0.24-a0-447-ge8da9206dc (webtiles) character file.

Game seed: 9709020312801871960

130 KristoblXynda the Ducker (level 4, 0/24 HPs)
             Began as a Spriggan Berserker on June 25, 2019.
             Was a Believer of Trog.
             Slain by an adder (4 damage)
             ... on level 3 of the Dungeon.
             The game lasted 00:03:35 (2528 turns).

KristoblXynda the Ducker (Spriggan Berserker)       Turns: 2528, Time: 00:03:36

Health: 0/24       AC:  2    Str: 14    XL:     4   Next: 89%
Magic:  5/5        EV: 21    Int:  8    God:    Trog [**....]
Gold:   136        SH:  0    Dex: 15    Spells: 3/3 levels left

rFire    . . .     SeeInvis +   a - +0 short sword
rCold    . . .     Gourm    .   (shield restricted)
rNeg     . . .     Faith    .   b - +0 animal skin
rPois    .         Spirit   .   (helmet restricted)
rElec    .         Reflect  .   (no cloak)
rCorr    .         Harm     .   (gloves unavailable)
MR       .....                  (boots unavailable)
Stlth    ++........             (no amulet)
HPRegen  0.08/turn              (no ring)
MPRegen  0.09/turn              (no ring)

@: berserk cooldown, slowed, quick
A: very small, unfitting armour, see invisible, herbivore, speed 3, slow
metabolism 2
a: Berserk, Trog's Hand, Renounce Religion


You were on level 3 of the Dungeon.
You worshipped Trog.
Trog was pleased with you.
You were not hungry.

You visited 1 branch of the dungeon, and saw 3 of its levels.

You collected 136 gold pieces.

Inventory:

Hand Weapons
 a - a +0 short sword (weapon)
Armour
 b - a +0 animal skin (worn)
Jewellery
 f - a +3 ring of evasion {unknown}
 h - a cursed amulet of inaccuracy {unknown}
Scrolls
 e - 3 scrolls of remove curse
 g - a scroll of fog {unknown}
 i - a scroll of enchant weapon {unknown}
 j - a scroll of random uselessness {unknown}
 k - a scroll of teleportation {unknown}
 l - a scroll of identify {unknown}
Potions
 d - 2 potions of degeneration {unknown}
 m - a potion of heal wounds {unknown}
Comestibles
 c - a ration


   Skills:
 + Level 3.1 Fighting
 + Level 4.2 Short Blades
 + Level 5.6 Dodging
 + Level 3.4 Stealth


You had 3 spell levels left.
You didn't know any spells.
Your spell library was empty.

Dungeon Overview and Level Annotations

Branches:
Dungeon (3/15)

Altars:
Wu Jian
Yredelemnul


Innate Abilities, Weirdness & Mutations

You are very small and have problems with some larger weapons.
You are too small for most types of armour.
You have supernaturally acute eyesight. (SInv)
You are a herbivore.
You cover ground extremely quickly.
You need to consume almost no food.


Message History

* * * LOW HITPOINT WARNING * * *
You hit the goblin.
You kill the goblin!
Trog accepts your kill.
The orc shouts!
You feel a strong urge to attack something.
You are no longer berserk.
You are exhausted.
You feel yourself slow down.
Found a bubbling green potion.
An adder comes into view.
You eat one of the 2 rations.
That ration really hit the spot!
The adder hisses angrily.
Found a stone staircase leading up.
The adder barely misses you. The adder completely misses you.
Found a stone staircase leading down.
The adder completely misses you.
A hobgoblin comes into view. It is wielding a +0 club.
The adder bites you.
You die...

.#.##....#####...####
#....#w#............
........#........>#
#.................#
................<.#
..................#
).............oo..#
).............#S.##
........##...###@#
.....######### #..#
#....# ##... #.#.##
##.# ....## ...
.....#### ...
...#.†..# ...
......#.# ..g
....<.#.##


You could see an adder, 2 orcs and a hobgoblin (sleeping).

Vanquished Creatures
  An orc priest (D:3)
  5 adders
  2 oozes (D:1)
  A worm (D:2)
  A dart slug (D:1)
  3 bats
  5 giant cockroaches
  8 goblins
  4 hobgoblins
  2 jackals (D:2)
  A quokka (D:2)
  A ball python (D:2)
  2 frilled lizards
  4 kobolds
  6 rats
46 creatures vanquished.

Vanquished Creatures (others)
  An orc (D:3)
1 creature vanquished.

Grand Total: 47 creatures vanquished

Notes
Turn   | Place    | Note
-------+----------+-------------------------------------------
     0 | D:1      | KristoblXynda the Spriggan Berserker began the quest for
                  | the Orb.
     0 | D:1      | Reached XP level 1. HP: 11/11 MP: 2/2
    64 | D:1      | Reached skill level 1 in Stealth
   121 | D:1      | You fall into a shaft and drop 1 floor!
   137 | D:2      | Reached XP level 2. HP: 11/16 MP: 3/3
   236 | D:2      | Reached XP level 3. HP: 12/19 MP: 4/4
   529 | D:2      | Reached skill level 5 in Dodging
   835 | D:2      | Found an ornate altar of the Wu Jian Council.
   837 | D:2      | Found a basalt altar of Yredelemnul.
  1090 | D:1      | Reached XP level 4. HP: 8/23 MP: 5/5
  1758 | D:1      | Reached ** piety under Trog
  2528 | D:3      | Slain by an adder

Levels and vault maps discovered:
D:1:      nzn_arrival_depleted_hourglass, layout_loops_corners, st_stairs_4
D:2:      layout_loops_ring, minitemple
D:3:      layout_rooms, grunt_qazlal_clouds, st_stairs_5

Skill      XL: |  1  2  3  4 |
---------------+-------------+-----
Stealth        | 1 2 3 |  3.4
Dodging        | 5 |  5.6
Short Blades   | 4 |  4.2
Fighting       | 3 |  3.1

Action                   |  1- 3 |  4- 6 || total
-------------------------+-------+-------++-------
Melee: Short sword       |    81 |    68 ||   149
Invok: Berserk           |     3 |     1 ||     4
  Use: Potion            |     2 |     1 ||     3
       Scroll            |       |     1 ||     1
 Stab: Sleeping          |    10 |     3 ||    13
  Eat: Ration            |       |     2 ||     2
Armor: Animal skin       |     7 |     3 ||    10
Dodge: Dodged            |    76 |    52 ||   128

Table legend:
 A = Non-vault XP
 B = Vault XP
 C = Vault XP percentage of total XP
 D = Non-vault monster count
 E = Vault monster count
 F = Vault count percentage of total count
                 A         B        C        D         E       F
            +---------+---------+-------+---------+---------+-------
      Total |     180 |       6 |   3.2 |      42 |       4 |   8.7
            +---------+---------+-------+---------+---------+-------
        D:1 |      36 |       4 |  10.0 |      14 |       3 |  17.6
        D:2 |      82 |       0 |   0.0 |      21 |       0 |   0.0
        D:3 |      62 |       2 |   3.1 |       7 |       1 |  12.5
            +---------+---------+-------+---------+---------+-------
